 Dungeon Crawl Stone Soup version 0.21.1-1-g345015fe64 (webtiles) character file.

257 Oravi the Cutter (level 6, -5/42 HPs)
             Began as a Halfling Fighter on Mar 27, 2018.
             Killed by divine providence
             ... invoked by an orc priest
              (13 damage)
             ... on level 4 of the Dungeon.
             The game lasted 00:23:46 (3869 turns).

Oravi the Cutter (Halfling Fighter)                 Turns: 3869, Time: 00:23:56

Health: -5/42      AC: 14    Str: 19    XL:     6   Next: 39%
Magic:  6/6        EV:  7    Int: 11    God:
Gold:   127        SH: 10    Dex: 14    Spells: 5/5 levels left

rFire    + . .     SeeInvis .   a - +0 rapier
rCold    . . .     Gourm    .   c - +0 shield
rNeg     . . .     Faith    .   u - +2 chain mail {rPois}
rPois    +         Spirit   .   (no helmet)
rElec    .         Reflect  .   (no cloak)
rCorr    .         Harm     .   (no gloves)
MR       .....                  (no boots)
Stlth    ..........             (no amulet)
HPRegen  0.14/turn              i - ring of protection from fire
MPRegen  0.10/turn              s - +3 ring of protection

@: brilliant
A: small, mutation resistance 1
a: no special abilities


You were on level 4 of the Dungeon.
You were not hungry.

You visited 2 branches of the dungeon, and saw 5 of its levels.

You collected 127 gold pieces.

Inventory:

Hand Weapons
 a - a +0 rapier (weapon)
Missiles
 l - 126 stones (quivered)
 n - 99 sling bullets
Armour
 b - a +0 scale mail
 c - a +0 shield (worn)
 u - a +2 chain mail of poison resistance (worn)
Jewellery
 i - a ring of protection from fire (left hand)
 s - a +3 ring of protection (right hand)
 v - an uncursed ring of flight
 w - an uncursed ring of positive energy {unknown}
Scrolls
 e - a scroll of fog {unknown}
 g - a scroll of magic mapping {unknown}
 h - 3 scrolls of remove curse
 j - 2 scrolls of teleportation {unknown}
 m - 3 scrolls of fear
 o - 4 scrolls of identify
 q - a scroll of amnesia {unknown}
 r - a scroll of enchant armour {unknown}
 x - a scroll of blinking {unknown}
Comestibles
 f - 10 rations


   Skills:
 + Level 3.2 Fighting
 * Level 5.6 Short Blades
 + Level 4.4 Armour
 + Level 4.3 Shields


You had 5 spell levels left.
You didn't know any spells.

Dungeon Overview and Level Annotations

Branches:
Dungeon (4/15)             Temple (1/1) D:4

Altars:
Cheibriados
Dithmenos
Fedhas
Hepliaklqana
Kikubaaqudgha
Nemelex Xobeh
Sif Muna
Vehumet
Wu Jian
Xom

Annotations:
D:3 Robin, Sigmund


Innate Abilities, Weirdness & Mutations

You are small and have problems with some larger weapons.
You are somewhat resistant to further mutation.


Message History

An orc priest comes into view. It is wielding an enchanted dagger.
The orc priest shouts!
The orc priest calls down the wrath of Beogh upon you.
Beogh smites you! The orc hits you but does no damage.
You block the orc priest's attack.
You hit the orc priest but do no damage.
The orc hits you but does no damage. You block the orc priest's attack.
The orc priest mumbles some strange prayers to Beogh against you.
Beogh smites you!
An orc priest comes into view. It is wielding a club.
You are too injured to fight recklessly!
You are too injured to fight recklessly!
It was a potion of brilliance.
You feel clever all of a sudden.
The orc priest invokes the aid of Beogh against you.
Beogh smites you!
* * * LOW HITPOINT WARNING * * *
The orc priest invokes the aid of Beogh against you.
Beogh smites you!
You die...

#.# #......##
#.# ###....#
#.# #......#
#.# #......#
#.#
#......####.#
...
#...........#
#.....#######
####.....#
#.###@#
#.###o####.#
#.#o.o.....#
#.#.#.######
#####.#o#.#
..o.o.o...#
###########


You could see 4 orc priests.

Vanquished Creatures
  3 orc wizards (D:3)
  A centaur skeleton (D:4)
  Ijyb (D:3)
  5 adders
  A shadow imp (D:2)
  An ooze (D:3)
  A worm (D:2)
  A dart slug (D:1)
  10 orcs
  4 bats
  6 giant cockroaches
  8 goblins
  3 hobgoblins
  4 kobolds
  5 frilled lizards (D:2)
  4 rats
58 creatures vanquished.

Notes
Turn   | Place    | Note
-------+----------+-------------------------------------------
     0 | D:1      | Oravi the Halfling Fighter began the quest for the Orb.
     0 | D:1      | Reached XP level 1. HP: 15/15 MP: 1/1
   257 | D:1      | Reached XP level 2. HP: 20/20 MP: 2/2
   568 | D:2      | Reached XP level 3. HP: 21/25 MP: 3/3
   581 | D:2      | Reached skill level 3 in Short Blades
  1045 | D:3      | Noticed Robin
  1156 | D:2      | Reached XP level 4. HP: 20/31 MP: 4/4
  2012 | D:3      | Reached skill level 4 in Short Blades
  2016 | D:3      | Reached XP level 5. HP: 36/36 MP: 5/5
  2050 | D:3      | Noticed Sigmund
  2520 | D:2      | Reached skill level 5 in Short Blades
  2572 | D:3      | Noticed Ijyb
  2612 | D:3      | Killed Ijyb
  2612 | D:3      | Reached XP level 6. HP: 39/42 MP: 6/6
  2746 | D:3      | Found a sparkling altar of Nemelex Xobeh.
  3569 | D:4      | Found a staircase to the Ecumenical Temple.
  3578 | Temple   | Entered the Ecumenical Temple
  3869 | D:4      | Killed from afar by an orc priest

Skill      XL: |  1  2  3  4  5 |
---------------+----------------+-----
Fighting       | 3 |  3.2
Short Blades   | 3 4 5 |  5.6
Armour         | 4 |  4.4
Shields        | 4 |  4.3

Action                   |  1- 3 |  4- 6 || total
-------------------------+-------+-------++-------
Melee: Rapier            |    75 |   177 ||   252
  Use: Potion            |     1 |     8 ||     9
       Scroll            |       |     3 ||     3
  Eat: Chunk             |     1 |     8 ||     9
Armor: Scale mail        |    15 |     2 ||    17
       Chain mail        |       |   111 ||   111
Dodge: Dodged            |    20 |    38 ||    58
Block: Shield            |    27 |    85 ||   112
